 Dungeon Crawl Stone Soup version 0.18-a0-1805-g8ab820f (webtiles) character file.

70 Zhenya25pyc the Covered (level 4, -6/29 HPs)
             Began as a Gargoyle Fighter on Apr 25, 2016.
             Mangled by Sigmund
             ... wielding a +0 scythe
              (8 damage)
             ... on level 2 of the Dungeon on Apr 26, 2016.
             The game lasted 00:09:02 (1250 turns).

Zhenya25pyc the Covered (Gargoyle Fighter)          Turns: 1250, Time: 00:09:03

Health: -6/29      AC: 11    Str: 22    XL:     4   Next: 22%
Magic:  4/4        EV:  7    Int:  9    God:
Gold:   83         SH:  9    Dex: 10    Spells: 0 memorised, 3 levels left

rFire  . . .     SeeInvis .     a - +0 flail
rCold  . . .     Gourm    .     b - +0 scale mail
rNeg   + . .     Faith    .     c - +0 shield
rPois  ∞         Spirit   .     o - +0 helmet
rElec  +         Dismiss  .     (no cloak)
rCorr  .         Reflect  .     (no gloves)
SustAt .         Harm     .     (no boots)
MR     .....                    (no amulet)
Stlth  ..........               (no ring)
                                e - +3 ring of strength

@: not resistant to hostile enchantments, extremely unstealthy
A: negative energy resistance 1, electricity resistance, unbreathing,
petrification resistance, rot immunity, AC +3
a: no special abilities


You were on level 2 of the Dungeon.
You were not hungry.

You visited 1 branch of the dungeon, and saw 2 of its levels.

You collected 83 gold pieces.

Inventory:

Hand Weapons
 a - a +0 flail (weapon)
Armour
 b - a +0 scale mail (worn)
 c - a +0 shield (worn)
 o - a +0 helmet (worn)
Jewellery
 e - a +3 ring of strength (left hand)
Scrolls
 i - 2 scrolls of identify {unknown}
 j - 2 scrolls of teleportation {unknown}
 l - a scroll of remove curse {unknown}
 q - a scroll of fear {unknown}
 r - a scroll of enchant weapon {unknown}
 s - 2 scrolls of magic mapping {unknown}
Potions
 d - a potion of might
 k - a potion of lignification {unknown}
 m - a potion of invisibility {unknown}
 n - 2 potions of resistance {unknown}
Comestibles
 f - a bread ration
 g - a meat ration
 h - 5 fruits
 p - a chunk of flesh


   Skills:
 + Level 3.8 Fighting
 * Level 3.1 Maces & Flails
 + Level 3.9 Armour
 + Level 3.7 Shields


You had 3 spell levels left.
You didn't know any spells.

Dungeon Overview and Level Annotations

Branches:
Dungeon (2/15)

Altars:
Dithmenos

Annotations:
D:2 Sigmund


Innate Abilities, Weirdness & Mutations

You are resistant to torment.
Your stone body is resilient (AC +3).
You are immune to poison.
You resist negative energy.
You are resistant to electric shocks.
You can survive without breathing.
You are immune to petrification.
You are immune to rotting.


Message History

You thump something! Something hits you.
You miss something.
You hear some strange, mumbled words.
A puff of flame appears from out of thin air!
The puff of flame hits you!
You miss something. Something hits you but does no damage.
You hit something.
You hear some strange, mumbled words.
A magic dart appears from out of thin air!
The magic dart hits you!
You hear some strange, mumbled words.
A magic dart appears from out of thin air!
The magic dart hits you!
You miss something. Something hits you!
* * * LOW HITPOINT WARNING * * *
You barely miss something. Something hits you but does no damage.
You closely miss something.
Unknown command.
You miss something. Something hits you!
You die...

#####.........
#............###.#
#.................
#...<........# #..
#..†........# ..#
..)........# ##S#
###.#.#....##.##K#
....#......<..##.#
#####..###.#####@#
#..# #.#####†##.#
#..# #..........##
#..#
####..$.......#
#..# #.#.#.######
#..# #?.###.. #...
..#. ### ##.#
#####. ##


You could see an adder and a kobold.

Vanquished Creatures
  Robin (D:2)
  An adder (D:2)
  3 dart slugs (D:1)
  2 ball pythons (D:1)
  A giant cockroach (D:1)
  7 hobgoblins
  2 bats (D:2)
  4 giant newts
  14 goblins
  4 kobolds
  7 rats
46 creatures vanquished.

Notes
Turn   | Place    | Note
--------------------------------------------------------------
     0 | D:1      | Zhenya25pyc the Gargoyle Fighter began the quest for the Orb.
     0 | D:1      | Reached XP level 1. HP: 14/14 MP: 1/1
   114 | D:1      | Reached XP level 2. HP: 19/19 MP: 2/2
   828 | D:2      | Reached XP level 3. HP: 23/23 MP: 3/3
   862 | D:2      | Noticed Robin
   881 | D:2      | Killed Robin
  1071 | D:2      | Reached XP level 4. HP: 24/29 MP: 4/4
  1140 | D:2      | Found a shadowy altar of Dithmenos.
  1231 | D:2      | Noticed Sigmund
  1250 | D:2      | Mangled by Sigmund

Vault maps used:
D:1:      scummos_arrival_gate
D:2:      minitemple, grunt_ministairs_7, bloody_makhleb, uniq_sigmund,
          uniq_robin, uniq_crazy_yiuf_cottage, uniq_jessica

Skill      XL: |  1  2  3  4 |
---------------+-------------+-----
Maces & Flails | 3 |  3.1
Fighting       | |  3.8
Armour         | |  3.9
Shields        | |  3.7

Action                   |  1- 3 |  4- 6 || total
-------------------------+-------+-------++-------
Melee: Flail             |    95 |    39 ||   134
  Eat: Chunk             |       |     1 ||     1
Armor: Scale mail        |    47 |    17 ||    64
Dodge: Dodged            |    35 |     7 ||    42
Block: Shield            |    55 |    12 ||    67
